 Dungeon Crawl Stone Soup version 0.21.1-1-g345015fe64 (webtiles) character file.

82 PikkenKukken the Ruffian (level 4, 0/45 HPs)
             Began as a Troll Monk on May 10, 2018.
             Was a Believer of Makhleb.
             Slain by SomePerson's ghost (10 damage)
             ... on level 3 of the Dungeon.
             The game lasted 00:06:12 (1557 turns).

PikkenKukken the Ruffian (Troll Monk)               Turns: 1557, Time: 00:06:13

Health: 0/45       AC:  5    Str: 19    XL:     4   Next: 21%
Magic:  3/3        EV: 11    Int:  6    God:    Makhleb [**....]
Gold:   153        SH:  0    Dex: 13    Spells: 3/3 levels left

rFire    . . .     SeeInvis .     - Unarmed
rCold    . . .     Gourm    +   (no shield)
rNeg     . . .     Faith    +   a - +0 robe
rPois    .         Spirit   .   (helmet restricted)
rElec    .         Reflect  .   (no cloak)
rCorr    .         Harm     .   (gloves unavailable)
MR       .....                  (boots unavailable)
Stlth    ++........             i - amulet of faith
HPRegen  0.55/turn              (no ring)
MPRegen  0.08/turn              (no ring)

@: no status effects
A: large, unfitting armour, claws 3, fast metabolism 3, gourmand, regeneration
1, shaggy fur 1, tough skin 2
a: Minor Destruction, Renounce Religion


You were on level 3 of the Dungeon.
You worshipped Makhleb.
Makhleb was pleased with you.
You were full.

You visited 1 branch of the dungeon, and saw 4 of its levels.

You collected 153 gold pieces.

Inventory:

Missiles
 c - 86 stones (quivered)
Armour
 a - a +0 robe (worn)
Jewellery
 i - an amulet of faith (around neck)
Wands
 j - a wand of random effects (38)
Scrolls
 d - a scroll of identify {unknown}
 e - 4 scrolls of remove curse
Potions
 f - a potion of haste {unknown}
 g - a potion of lignification {unknown}
 h - a potion of berserk rage
Comestibles
 b - 7 rations


   Skills:
 + Level 3.0 Fighting
 + Level 2.9 Dodging
 - Level 1.1 Stealth
 + Level 4.0 Unarmed Combat


You had 3 spell levels left.
You didn't know any spells.

Dungeon Overview and Level Annotations

Branches:
Dungeon (4/15)
 Temple: D:4-7

Altars:
Ashenzari
Makhleb
Ru
Wu Jian
Xom
Zin

Annotations:
D:3 SomePerson's ghost, amateur HOMo


Innate Abilities, Weirdness & Mutations

You are too large for most types of armour.
You have claws for hands.
Your metabolism is lightning-fast.
You like to eat raw meat.
Your natural rate of healing is unusually fast.
You are covered in fur. (AC +1)
You have very tough skin. (AC +2)


Message History

SomePerson's ghost is severely damaged.
SomePerson's ghost hits you.
You closely miss SomePerson's ghost.
SomePerson's ghost is severely damaged.
SomePerson's ghost hits you!
You closely miss SomePerson's ghost.
SomePerson's ghost is severely damaged.
SomePerson's ghost hits you.
You closely miss SomePerson's ghost.
SomePerson's ghost is severely damaged.
SomePerson's ghost says, "You will join me soon!"
SomePerson's ghost hits you!
* * * LOW HITPOINT WARNING * * *
You barely miss SomePerson's ghost.
SomePerson's ghost is severely damaged.
SomePerson's ghost closely misses you.
You scratch SomePerson's ghost but do no damage.
SomePerson's ghost is severely damaged.
SomePerson's ghost hits you!
You die...

#. ## #.# #. #. ... #.
#. #.# #. #% #.# #)
W#####.## #.# #.
..(.....# #.#
###########. #..####.#
#...........
#...W@..###.####.#.##.
#.######....# #.#.##.
#. #...)# #.#.... #.
#...## #.#.### #.
##.## #.#.... ## #.#
#.#.### #.# #.#.###
#.# ##.#.#.. #.#
#.......


You could see SomePerson's ghost.

Vanquished Creatures
  Terence (D:2)
  An adder (D:2)
  2 worms (D:2)
  A dart slug (D:1)
  5 bats
  A giant cockroach (D:4)
  8 goblins
  4 hobgoblins
  6 kobolds
  2 quokkas
  A frilled lizard (D:3)
  A leopard gecko skeleton (D:2)
  8 rats
41 creatures vanquished.

Notes
Turn   | Place    | Note
-------+----------+-------------------------------------------
     0 | D:1      | PikkenKukken the Troll Monk began the quest for the Orb.
     0 | D:1      | Reached XP level 1. HP: 22/22 MP: 0/0
   286 | D:1      | Reached XP level 2. HP: 29/29 MP: 1/1
   704 | D:2      | Reached XP level 3. HP: 36/36 MP: 2/2
   861 | D:2      | Noticed Terence
   874 | D:2      | Killed Terence
   874 | D:2      | Reached skill level 4 in Unarmed Combat
   874 | D:2      | Reached XP level 4. HP: 31/45 MP: 3/3
   927 | D:2      | You fall through a shaft for 2 floors!
   933 | D:4      | Found an ornate altar of the Wu Jian Council.
  1472 | D:3      | Found a burning altar of Makhleb.
  1475 | D:3      | Found a glowing silver altar of Zin.
  1478 | D:3      | Became a worshipper of Makhleb the Destroyer
  1478 | D:3      | Reached * piety under Makhleb
  1478 | D:3      | Reached ** piety under Makhleb
  1480 | D:3      | Found a shattered altar of Ashenzari.
  1481 | D:3      | Found a sacrificial altar of Ru.
  1483 | D:3      | Found a shimmering altar of Xom.
  1530 | D:3      | Noticed SomePerson's ghost (amateur HOMo)
  1557 | D:3      | Slain by SomePerson's ghost

Skill      XL: |  1  2  3 |
---------------+----------+-----
Fighting       | 3 |  3.0
Unarmed Combat | 4 |  4.0
Dodging        | |  2.9
Stealth        | |  1.1

Action                   |  1- 3 |  4- 6 || total
-------------------------+-------+-------++-------
Melee: Unarmed           |    83 |    21 ||   104
       Punch             |     2 |       ||     2
Invok: Minor Destruction |       |     2 ||     2
  Use: Scroll            |     4 |       ||     4
       Potion            |     1 |     2 ||     3
 Stab: Sleeping          |     1 |     2 ||     3
  Eat: Chunk             |    14 |     3 ||    17
Armor: Robe              |    30 |     3 ||    33
Dodge: Dodged            |    44 |     6 ||    50
